[Event "98th Caplin Hastings Masters 2024-25"]
[Site "Hastings"]
[Date "2024.12.29"]
[Round "2.7"]
[White "Seo, Jung Min"]
[Black "Roux, Baptiste"]
[Result "1-0"]
[ECO "B30"]
[WhiteElo "2491"]
[BlackElo "2338"]
[Annotator "TA"]
[PlyCount "77"]
[EventDate "2024.12.23"]
[EventType "swiss"]
[EventCountry "ENG"]
[SourceTitle "playchess.com"]
[Source "ChessBase"]
[SourceQuality "1"]
[TimeControl "5400+30"]

1. e4 c5 2. Nf3 Nc6 3. Bb5 e6 4. c3 Nge7 5. O-O a6 6. Ba4 b5 7. Bc2 Bb7 8. Re1 Rc8 9. a4 b4 10. d4 bxc3 11. d5 (11. Nxc3 cxd4 12. Nxd4 Na5) (11. dxc5 cxb2 12. Bxb2 Ng6 $15) 11... cxb2 12. Bxb2 Nb4 13. Nbd2 {[%emt 0:25:13][%mdl 1024] White has compensation.} c4 $1 {[%emt 0:07:24] Hoping for ...c3.} 14. Bc3 ({White should play} 14. dxe6 $14 fxe6 15. Rb1) 14... Ng6 (14... a5 $1 $11) 15. a5 $1 $36 {[%emt 0:01:12][%mdl 2048] White is more active.} Qc7 $2 ({Better is} 15... Nxc2 $14 16. Qxc2 f6) 16. Ra4 $18 Nxc2 17. Qxc2 Bc5 (17... f6 18. Rxc4 (18. Nxc4 Bc5 $14) 18... Qd8) 18. Bxg7 Rg8 19. Qc3 d6 20. Rxc4 (20. Nxc4 Qd7 21. Ra2 f5 $14) 20... Nf4 21. g3 e5 (21... Nh3+ {was worth a try.} 22. Kg2 Nf4+ 23. Kf1 (23. gxf4 f6 $16) 23... Nxd5 24. exd5 Bxd5) 22. Bh6 {[%emt 0:02:41] Hoping for Bxf4.} Nh3+ 23. Kf1 Nxf2 24. Be3 Ng4 25. Bxc5 dxc5 26. Rc1 Qd7 27. Nxe5 Nxh2+ (27... Nxe5 $142 28. Qxe5+ Qe7) 28. Kg2 Qd6 29. Kxh2 f6 30. Nc6 Bxc6 31. Rxc5 Ke7 32. dxc6 Rg6 33. e5 Rh6+ 34. Kg1 Qe6 35. exf6+ Kf8 36. Qe5 (36. Re5 $142 Qh3 37. Qc5+ Kg8 38. f7+ Kg7 39. Rg5+ Rg6 40. Qe7 Rf8 41. c7 Rxg5 42. Qxg5+ Kxf7 43. Re1) 36... Rxc6 37. Qb8+ Kf7 38. Qb7+ (38. Rxc6 Qe3+ 39. Kf1 Qd3+ 40. Kf2 (40. Kg1 Qd4+ 41. Kg2 Qxd2+ 42. Kf3 Qd3+ 43. Kg4 Rg6+ 44. Kh3 Rh6+ 45. Kg4 Rg6+ 46. Kh4 Rh6+ 47. Kg4 $11) 40... Qxd2+ 41. Kf3 Qd3+ 42. Kf2 Qd2+ 43. Kf3 Qd3+ 44. Kg4 Rg6+ 45. Kh4 Rh6+ 46. Kg4 Rg6+ 47. Kh4 Rh6+ 48. Kg4 $11) 38... Kf8 39. Qe7+ ({And not} 39. Rxc6 Qe3+ 40. Kg2 (40. Kf1 Qd3+ 41. Kg2 Qxd2+ 42. Kf3 Qd3+ 43. Kf4 Qd4+ 44. Kf3 Qd3+ 45. Kf4 Qd4+ 46. Kf3 Qd3+ $11) 40... Qxd2+ 41. Kf3 Qd3+ 42. Kf4 (42. Kg4 $2 {gets mated.} Qe4+ 43. Kg5 Rg6+ 44. Kh5 Qg4#) 42... Qd4+ 43. Kf3 Qd3+ 44. Kf4 Qd4+ 45. Kf3 Qd3+ $11) 1-0

[Event "98th Caplin Hastings Masters 2024-25"]
[Site "Hastings"]
[Date "2024.12.29"]
[Round "2.8"]
[White "Gasanov, Eldar"]
[Black "Boswell, Jacob Connor"]
[Result "1/2-1/2"]
[ECO "A49"]
[WhiteElo "2476"]
[BlackElo "2277"]
[Annotator "TA"]
[PlyCount "56"]
[EventDate "2024.12.23"]
[EventType "swiss"]
[EventCountry "ENG"]
[SourceTitle "playchess.com"]
[Source "ChessBase"]
[SourceQuality "1"]
[TimeControl "5400+30"]

1. d4 Nf6 2. Nf3 g6 3. g3 Bg7 4. Bg2 O-O 5. O-O d6 6. Re1 c5 7. c3 Bf5 8. dxc5 dxc5 9. Qxd8 Rxd8 10. Nfd2 Rd7 11. Nb3 Na6 12. Na3 (12. Na5 $14) 12... Rc8 $11 13. Bf4 Nh5 14. Be3 {[%emt 0:03:10] White wants to play Rad1.} (14. Bg5 $5) 14... b6 15. Rad1 {[%emt 0:12:14] Hoping for Rxd7.} Nc7 16. Rxd7 Bxd7 17. Rd1 Nf6 18. Nc4 (18. Bb7 $11 Rd8 19. Bc6) 18... Ne6 (18... Bb5 $5 19. Ne5 Bxe2 $15) 19. Ne5 Ba4 {[%emt 0:00:32] and ...c4 would now be decisive} 20. Rd2 Ne8 21. Nc4 $1 Rd8 (21... Bb5 $15 {was preferable.} 22. Na3 Ba6) 22. f4 Bb5 23. Rxd8 Nxd8 24. Nbd2 Kf8 25. Kf2 Nd6 26. Na3 Bc6 27. Bxc6 Nxc6 28. Kf3 e5 1/2-1/2

[Event "98th Caplin Hastings Masters 2024-25"]
[Site "Hastings"]
[Date "2024.12.29"]
[Round "2.9"]
[White "Bozinakis, Pavlos"]
[Black "Kaasen, Tor Fredrik"]
[Result "0-1"]
[ECO "E92"]
[WhiteElo "2271"]
[BlackElo "2473"]
[Annotator "TA"]
[PlyCount "148"]
[EventDate "2024.12.23"]
[EventType "swiss"]
[EventCountry "ENG"]
[SourceTitle "playchess.com"]
[Source "ChessBase"]
[SourceQuality "1"]
[TimeControl "5400+30"]

1. d4 Nf6 2. c4 g6 3. Nc3 Bg7 4. e4 d6 5. Nf3 O-O 6. Be2 e5 7. Be3 exd4 8. Nxd4 Re8 9. f3 c6 10. Bf2 d5 11. exd5 cxd5 12. O-O Nc6 13. c5 Nh5 14. Qd2 Be5 15. g3 Ng7 16. Rfd1 a6 {[%emt 0:09:13] Prevents Ndb5} 17. Nb3 Bxc3 18. bxc3 Qf6 19. f4 Bf5 20. Bf1 Be4 21. Bd4 Nxd4 22. Qxd4 Qc6 23. Bh3 f5 24. c4 Rad8 25. Bf1 Ne6 26. cxd5 Bxd5 27. Qf6 (27. Qb4 {simplifies} Kg7 28. Rac1 Kh6 29. Na5) 27... Bxb3 (27... Nxc5 28. Qxc6 Bxc6 29. Rxd8 (29. Nxc5 Bf3 $18) 29... Rxd8 30. Nxc5 $18) 28. axb3 Qxc5+ (28... Nxc5 $2 29. Bc4+ (29. Qxd8 $2 Rxd8 30. Rxd8+ Kg7 $19) 29... Ne6 30. Rxd8 $18 (30. Bxe6+ Qxe6 31. Qxe6+ Rxe6 $18)) 29. Kh1 {[%emt 0:00:10] and Rxd8 should not be overlooked} Qe7 30. Qe5 Rxd1 31. Rxd1 Ng7 32. Qd5+ Kh8 33. Bg2 b6 34. Bf3 Qe6 35. Qd3 a5 36. Kg2 h6 37. Qb5 Rc8 38. Rd2 {[%emt 0:01:16] Against Rc2} g5 39. fxg5 (39. Qd7 gxf4 40. gxf4 Rc3 41. Qd4) 39... hxg5 40. Bb7 (40. Qd5 $11 {keeps the balance.}) 40... Rc5 (40... Rc1 {seems wilder.} 41. Re2 Qd6 42. Qd5 Rd1) 41. Qd3 Kh7 42. Bf3 Re5 43. Qd8 g4 44. Bd5 Qe8 45. Qd6 $1 Qe7 $40 {[%emt 0:00:25][%mdl 128] Black mounts an attack.} 46. Qc6 (46. Qxe7 $11 Rxe7 47. Bc4) 46... Re2+ (46... Qg5 $17 47. Rf2 Qe7) 47. Rxe2 $11 Qxe2+ {[%emt 0:00:01][%mdl 4096] Endgame KQB-KQN. Black is a pawn up.} 48. Kg1 Qe3+ 49. Kg2 Qc5 50. Qd7 $1 b5 51. Qf7 (51. Bf7 $11) 51... Qc2+ 52. Kg1 Qc1+ 53. Kg2 Qb2+ 54. Kg1 a4 55. bxa4 bxa4 56. Qg8+ Kh6 57. Qf7 a3 (57... Qa1+ $142 58. Kg2 a3) 58. Bc4 {[%emt 0:00:23] [#]} (58. Kf1 $17) 58... Qc1+ (58... Nh5 $1 $19 59. Kf1 Qd4 (59... Qxh2 60. Qe6+ Kg5 61. Qe7+ Kg6 62. Qe8+ Kh7 63. Qg8+ Kh6 64. Qe6+ Kg7 65. Qg8+ Kh6 66. Qe6+ $11)) 59. Kg2 $17 Qd2+ 60. Kg1 Qg5 61. Qd5 (61. Kf1 $17 {was necessary.}) 61... Qe7 (61... Nh5 $19 {...Nf6 is the strong threat.} 62. Ba2 (62. Qd6+ $2 Qf6 $19) 62... Qe3+ 63. Kf1 Qe4 64. Qxe4 fxe4) 62. Kg2 $2 (62. Kf2 $17) 62... Qe4+ $19 63. Qxe4 $2 (63. Kf2 Ne8 64. Qf7) 63... fxe4 {[%emt 0:00:05] KB-KN. Black is a pawn up.} 64. h3 Nf5 65. Ba2 gxh3+ 66. Kxh3 e3 67. Kg2 e2 68. Kf2 {[%emt 0:00:05] [#]} Nxg3 $1 69. Ke1 (69. Bd5 Ne4+) 69... Kg5 70. Kd2 Kf4 71. Bc4 Kf3 72. Bxe2+ Nxe2 73. Kc2 {[%emt 0:00:07] [#]} Nd4+ $1 74. Kc3 Ke3 0-1

[Event "98th Caplin Hastings Masters 2024-25"]
[Site "Hastings"]
[Date "2024.12.29"]
[Round "2.10"]
[White "Kovchan, Alexander"]
[Black "Badacsonyi, Stanley"]
[Result "1/2-1/2"]
[ECO "E64"]
[WhiteElo "2455"]
[BlackElo "2266"]
[Annotator "TA"]
[PlyCount "103"]
[EventDate "2024.12.23"]
[EventType "swiss"]
[EventCountry "ENG"]
[SourceTitle "playchess.com"]
[Source "ChessBase"]
[SourceQuality "1"]
[TimeControl "5400+30"]

1. d4 Nf6 2. c4 g6 3. g3 Bg7 4. Bg2 d6 5. Nc3 O-O 6. Nf3 c5 7. d5 e6 8. O-O exd5 9. cxd5 Re8 10. Bf4 h6 11. Qc1 g5 12. Be3 Bf5 13. h4 g4 $1 14. Nd2 Rxe3 15. fxe3 Bg6 16. Rf4 Qe7 17. Nde4 Nbd7 18. Nxf6+ Nxf6 19. Qd2 Re8 {[%emt 0:01:36][%cal Oe7d7][%mdl 1024] Black has compensation.} 20. Raf1 h5 21. Kh2 Nd7 22. Ne4 Be5 {[%emt 0:02:21] This pair of bishops is nice.} 23. Qa5 a6 24. Ng5 Bf6 $2 (24... Bxf4 $6 25. exf4 f6 (25... Qxe2 26. f5 $16) 26. Ne6 $16) (24... Nf6 $1 $15 {keeps the upper hand.}) 25. Qc7 $1 $16 Bxg5 26. hxg5 Nf8 27. Qxe7 Rxe7 28. Rf6 $1 Rd7 29. e4 Nh7 {[%emt 0:01:29] [#] Repels e5} 30. e5 $1 dxe5 31. Rb6 {[%emt 0:00:32] White is more active.} Nxg5 32. Rc1 ({White should play} 32. Rff6 $1 $18) 32... Be4 33. Rxc5 Bxg2 34. Kxg2 {[%emt 0:00:11][%mdl 4096] Endgame KRR-KRN} Ne4 35. Rc2 Kg7 $2 {[%emt 0:03:07] [#]} (35... Nd6 $14) 36. d6 $1 $18 Rxd6 (36... Nxd6 $2 37. Rd2 Nc8 38. Rxd7 $18) (36... Rd8 37. Rxb7) 37. Rxb7 ({Only move:} 37. Rxd6 $18 Nxd6 38. Rd2) 37... Rf6 $1 $14 38. Rb4 Ng5 39. Rbc4 Nh3 $1 40. e4 Rd6 41. Rc6 Rd3 ({Better is} 41... Rd4 $14) 42. Rxa6 $16 Re3 43. Rac6 Rxe4 44. b3 (44. Kf1 $16 Rd4 45. R6c5) 44... Re1 $1 $11 45. R6c5 f6 46. a4 Rg1+ (46... e4 $11 47. Rc1 (47. Rxh5 e3 $16) 47... Re2+ 48. Kf1 Rf2+ 49. Ke1 Rf3) 47. Kh2 $16 Rb1 {[%emt 0:00:04] [#]} (47... Re1 $16) 48. a5 $1 $18 Ng5 {[%emt 0:00:07] [#]} (48... e4 $18 49. a6 (49. Rxh5 e3 $14) 49... Ra1) 49. Ra2 (49. Kg2 $1 $16) 49... Nf3+ $11 50. Kg2 Ne1+ 51. Kh2 {[%emt 0:00:10] Threatens to win with Rc3.} Nf3+ 52. Kg2 1/2-1/2

[Event "98th Caplin Hastings Masters 2024-25"]
[Site "Hastings"]
[Date "2024.12.29"]
[Round "2.11"]
[White "Steiners, Emils"]
[Black "Gormally, Daniel W"]
[Result "0-1"]
[ECO "E73"]
[WhiteElo "2209"]
[BlackElo "2424"]
[Annotator "TA"]
[PlyCount "110"]
[EventDate "2024.12.23"]
[EventType "swiss"]
[EventCountry "ENG"]
[SourceTitle "playchess.com"]
[Source "ChessBase"]
[SourceQuality "1"]
[TimeControl "5400+30"]

1. d4 Nf6 2. c4 g6 3. Nc3 Bg7 4. e4 d6 5. Be2 O-O 6. Bg5 h6 7. Be3 c5 8. d5 Nbd7 9. Qd2 Kh7 10. h3 b5 11. cxb5 a6 12. Nf3 Qa5 13. b6 Nxb6 14. a3 Bd7 15. O-O Na4 16. b4 Qd8 17. Nxa4 Bxa4 18. Bd3 (18. bxc5 Nxe4 19. Qc1 (19. Qb4 $2 Nc3 $19) 19... dxc5 $19) 18... c4 $1 19. Bc2 c3 20. Qd1 (20. Qxc3 $2 Nxd5 21. Qd3 Nxe3 22. Bxa4 Nxf1 23. Rxf1 Rc8 24. Qxa6 Ra8 $19) 20... Bxc2 21. Qxc2 Qd7 22. Nd4 (22. Qxc3 $2 Nxd5 (22... Nxe4 $2 23. Qb3 $17) 23. Qd3 Nxe3 24. Qxe3 Bxa1 25. Rxa1 Rac8 $19) 22... Rfc8 23. Ne2 ({Better is} 23. f3 $14) 23... e6 $11 24. dxe6 Qxe6 25. Ng3 (25. Nxc3 Nh5 26. Bd2 Rxc3 27. Bxc3 Rc8 $19) (25. Rac1 $15) 25... Rc4 $17 26. Rae1 Re8 27. f3 d5 28. exd5 Qxd5 (28... Nxd5 29. Bf2 Qc6 30. Rxe8 Qxe8 31. Ne4 $17) 29. Rd1 Qc6 30. Bf2 a5 31. bxa5 Qa4 (31... Re5 $19 32. Rfe1 Rxa5) 32. Qd3 $2 (32. Qxa4 $15 Rxa4 33. Rd3) 32... Rec8 $19 33. Rc1 Qxa5 (33... Qxa3 34. a6 $15) 34. Rc2 Qxa3 35. Ne2 Qa5 36. Rd1 R4c7 37. Bd4 Nd5 38. Bxg7 Nb4 39. Qe3 Kxg7 (39... Nxc2 40. Qxh6+ Kg8 41. Qh8#) 40. Qd4+ Kh7 41. Rxc3 Rxc3 42. Nxc3 Nc2 43. Qf6 Qxc3 ({Weaker is} 43... Rxc3 44. Qxf7+ Kh8 45. Qf8+ Kh7 46. Rd7#) 44. Qxf7+ Qg7 45. Qe6 {[%emt 0:00:08] [#]} Rc7 $1 46. h4 Re7 47. Qb3 $2 (47. Qd6 {was the only defense.}) 47... Ne3 $19 48. Rd8 Nf5 49. h5 gxh5 50. Qb1 Qg6 51. Qb4 $2 (51. Rf8 $19 Nh4 52. Qxg6+ Kxg6 53. Rb8) 51... Re2 52. g4 hxg4 53. fxg4 Ng7 54. Rd1 Re4 55. Qc3 Qxg4+ 0-1

[Event "98th Caplin Hastings Masters 2024-25"]
[Site "Hastings"]
[Date "2024.12.29"]
[Round "2.12"]
[White "Chandler, Cliff R"]
[Black "Golding, Alex"]
[Result "0-1"]
[ECO "C34"]
[WhiteElo "2161"]
[BlackElo "2405"]
[Annotator "TA"]
[PlyCount "112"]
[EventDate "2024.12.23"]
[EventType "swiss"]
[EventCountry "ENG"]
[SourceTitle "playchess.com"]
[Source "ChessBase"]
[SourceQuality "1"]
[TimeControl "5400+30"]

1. e4 e5 2. f4 exf4 3. Nf3 d6 4. Bc4 h6 5. b3 Nc6 6. Bb2 Nf6 7. Nc3 Bg4 (7... g5 $17) 8. Qe2 {[%emt 0:10:12] The position is equal.} Be7 (8... Ne5 $15) 9. O-O-O $11 Ne5 10. d4 (10. Bb5+ $11 c6 11. d4) 10... Nxc4 $15 11. Qxc4 O-O 12. e5 Nh5 13. Nd5 Rc8 14. Rhe1 Bh4 ({Better is} 14... Re8 $17 {Threatening ...Bh4.} 15. Nxe7+ Rxe7) 15. Nxh4 $1 $11 Qxh4 16. exd6 $1 Bxd1 (16... cxd6 {seems wilder.} 17. Ne7+ Kh7 18. Nxc8 Rxc8 19. Qxf7 Qf2) 17. Ne7+ Kh8 18. Rxd1 Rce8 19. Qxc7 f3 20. gxf3 (20. Qxb7 Qf4+ (20... Qxh2 $2 21. Qxf3 Qxd6 22. Nf5 $18) 21. Kb1 f2 $19 (21... Qxh2 22. Qxf3 Qxd6 23. Nf5 $14) (21... Qxd6 $2 22. Nf5 $18)) (20. d7 $2 Rd8 (20... Qxe7 21. dxe8=Q Qxe8 22. gxf3 $16) 21. Qxb7 (21. Ba3 $2 fxg2 22. Nf5 Qg5+ 23. Kb2 Qxf5 $19) 21... fxg2 (21... Qxe7 $2 22. Qxf3 Qg5+ 23. Kb1 $19) 22. Qxg2 Qxe7 $19) 20... Qf4+ 21. Kb1 Rd8 (21... Qxf3 $11 22. Re1 Nf6) 22. d5 (22. Qxb7 $16 {aiming for Ba3.} Qxd6 23. Nc6 (23. Qxa7 Rfe8 $11)) 22... Qxd6 (22... Qxf3 $14 23. Re1 Qf2) 23. Qxd6 (23. Qxb7 $16 Qxh2 24. Qc6 (24. Qxa7 Qe2 $16)) 23... Rxd6 24. c4 Rd7 25. d6 {[%emt 0:02:33][%mdl 1024] White has compensation.} Rfd8 26. Nf5 Kh7 27. c5 f6 28. b4 {[%emt 0:00:40] Strongly threatening b5.} Kg6 29. Ne3 Nf4 30. Kc2 b6 31. Nd5 Ne6 32. Ba3 Kf7 33. Kb3 bxc5 34. bxc5 Rc8 35. Ne7 Nxc5+ 36. Kc4 Re8 37. Bxc5 ({White should try} 37. Kxc5 $11 Rexe7 38. Kc6) 37... Rexe7 {[%emt 0:00:07][%mdl 4096] Endgame. KRR-KRB} 38. Kd5 Rd8 $1 39. Rb1 (39. f4 $17) 39... Re5+ $19 40. Kd4 (40. Kc4 $17 {is a better defense.}) 40... Rd7 (40... Ke6 41. f4 Re2 42. Rb7 Rd2+ (42... Rxh2 $2 43. Rxa7 Rd2+ 44. Ke4 $17) 43. Kc4) 41. Rb8 g5 $1 42. a4 {[%emt 0:00:35] [#]} a5 $1 43. Ra8 Rf5 {[%emt 0:00:16] Threatens to win with ...Rb7.} 44. Kc4 $2 {[%emt 0:00:29] [#] White does not recover from this.} (44. Rh8 $17 {was called for.}) 44... Rb7 $1 (44... Rxf3 45. Kd5 Rf4 46. Kc6 $11 (46. Rxa5 Rf5+ 47. Kc6 Ke6 $15) (46. Rxa5 Rf5+ 47. Kc6 Ke6 $11)) 45. Rxa5 Ke6 $1 (45... Rxf3 46. Rb5 Rd7 47. Rb8 $11) 46. Ra8 Rf4+ (46... Rxf3 47. Re8+ Kd7 48. Rh8 $15) 47. Bd4 Rb1 {[%emt 0:00:38] Hoping for ...Rc1+. Black is clearly winning.} ({Don't take} 47... Kxd6 48. Ra6+ Ke7 49. Ra5) ({Not} 47... Rxf3 48. Re8+ Kf7 (48... Kxd6 49. Bc5+ Kd7 50. Re7+ Kc8 51. Re8+ Kc7 52. Re7+ Kc6 53. Re6+ Kd7 54. Re7+ Kc8 55. Re8+ Kd7 56. Re7+ $11) 49. Rh8 $17) 48. Re8+ Kxd6 {[%emt 0:00:08] ...Rc1+ is the strong threat.} 49. Rd8+ Kc7 50. Rd5 Rxf3 51. a5 Rc1+ 52. Kb5 Rb3+ 53. Ka6 (53. Ka4 $142 Rbb1 54. Bb6+ Kc6 55. Rd8) 53... Rc6+ 54. Bb6+ Rcxb6+ 55. axb6+ Rxb6+ 56. Ka5 Rd6 {[%emt 0:00:20] Weighted Error Value: White=0.30/Black=0.13 (very precise) .  Loses game:     	White=1     	---        Mistake:       	White=7     	Black=5      Inaccurate:     	White=4     	Black=2      OK:         	White=20    	Black=19     Best:        	White=4     	Black=8      Strong:       	White=2     	Black=4} 0-1

[Event "98th Caplin Hastings Masters 2024-25"]
[Site "Hastings"]
[Date "2024.12.29"]
[Round "2.13"]
[White "Zhu, Yaoyao"]
[Black "Kim, Nayoon B"]
[Result "1-0"]
[ECO "B40"]
[WhiteElo "1990"]
[BlackElo "1663"]
[Annotator "NA RC"]
[PlyCount "93"]
[EventDate "2024.12.23"]
[EventType "swiss"]
[EventCountry "ENG"]
[SourceTitle "playchess.com"]
[Source "ChessBase"]
[SourceQuality "1"]
[TimeControl "5400+30"]

1. e4 c5 2. Nf3 e6 3. c3 Nf6 4. Bd3 Nc6 5. Bc2 g6 6. O-O Bg7 7. d4 cxd4 8. cxd4 d5 9. e5 Nd7 10. Nc3 a6 11. Re1 b5 12. a3 Bb7 13. Bg5 Qc7 14. Rc1 Nb6 15. a4 b4 16. Ne2 Qd7 17. b3 Rc8 18. Qd2 a5 19. Bd3 Na8 20. Rc2 Na7 21. Rec1 O-O 22. Rc5 Rxc5 23. Rxc5 Nc6 24. Bb5 Nc7 25. Bxc6 Bxc6 26. Qc2 Bxa4 27. bxa4 Na6 28. Rxa5 Qb7 29. Rb5 Qd7 30. Bd2 Rc8 31. Qb2 Bf8 32. Qb3 Qc6 33. h3 Nc7 34. Bxb4 Nxb5 35. Bxf8 Nc7 36. Bd6 Ne8 37. Bc5 Ra8 38. Nc3 Nc7 39. Nb5 Na6 40. Be7 Qc1+ 41. Kh2 Qf4+ 42. g3 Qe4 43. Qc3 Qe2 44. Kg2 Re8 45. Bf6 Qc4 46. Qe3 Qb4 47. Nd6 1-0

[Event "98th Caplin Hastings Masters 2024-25"]
[Site "Hastings"]
[Date "2024.12.29"]
[Round "2.14"]
[White "Liu, Tianyi (Jack)"]
[Black "Kolka, David"]
[Result "0-1"]
[ECO "B12"]
[WhiteElo "2225"]
[BlackElo "2020"]
[Annotator "RC"]
[PlyCount "64"]
[EventDate "2024.12.23"]
[EventType "swiss"]
[EventCountry "ENG"]
[SourceTitle "playchess.com"]
[Source "ChessBase"]
[SourceQuality "1"]
[TimeControl "5400+30"]

1. e4 c6 2. d4 d5 3. e5 c5 4. dxc5 e6 5. Nf3 Bxc5 6. a3 f6 7. b4 Be7 8. Bb5+ Bd7 9. Bd3 Nc6 10. Bb2 Nh6 11. b5 Nxe5 12. Nxe5 fxe5 13. Qh5+ Nf7 14. Bxe5 Bf6 15. f4 g6 16. Qe2 Bxe5 17. fxe5 Qh4+ 18. Kd1 Qd4 19. Ra2 Bxb5 20. Nd2 Bxd3 21. cxd3 Qxe5 22. Qf3 O-O 23. Re1 Qxh2 24. Rxe6 Ng5 25. Qxd5 Nxe6 26. Qxe6+ Kh8 27. Ne4 Rae8 28. Qc4 Qg1+ 29. Kd2 Rxe4 30. Qxe4 Rf2+ 31. Kc3 Qc1+ 32. Kd4 Rf4 0-1

[Event "98th Caplin Hastings Masters 2024-25"]
[Site "Hastings"]
[Date "2024.12.29"]
[Round "2.15"]
[White "Malinovskii, Ilia"]
[Black "Schimnatkowski, Lukas"]
[Result "0-1"]
[ECO "C24"]
[WhiteElo "2003"]
[BlackElo "2221"]
[Annotator "RC"]
[PlyCount "86"]
[EventDate "2024.12.23"]
[EventType "swiss"]
[EventCountry "ENG"]
[SourceTitle "playchess.com"]
[Source "ChessBase"]
[SourceQuality "1"]
[TimeControl "5400+30"]

1. e4 e5 2. Nc3 Nf6 3. Bc4 Nc6 4. d3 Na5 5. Bb3 Bb4 6. Nge2 d6 7. O-O O-O 8. Bg5 Bxc3 9. Nxc3 h6 10. Bxf6 Qxf6 11. Nd5 Qd8 12. f4 Nxb3 13. axb3 Be6 14. Ne3 exf4 15. Rxf4 d5 16. exd5 Bxd5 17. Qh5 Be6 18. Raf1 Qg5 19. Qf3 c6 20. h4 Qe7 21. d4 Rad8 22. c4 Rfe8 23. Re4 Qf8 24. Kh1 f6 25. d5 cxd5 26. cxd5 Bd7 27. Rf4 Qc5 28. Ng4 Bxg4 29. Rxg4 Qxd5 30. Qxf6 Qd7 31. Qg6 Rf8 32. Re1 Rf7 33. Rg3 Qd2 34. Ree3 Qc1+ 35. Kh2 Qc6 36. Re6 Qc7 37. Qe4 Rdf8 38. Re8 Rxe8 39. Qxe8+ Rf8 40. Qg6 Kh8 41. h5 Qe5 42. Kh3 Qxb2 43. Rf3 Rxf3+ 0-1

[Event "98th Caplin Hastings Masters 2024-25"]
[Site "Hastings"]
[Date "2024.12.29"]
[Round "2.16"]
[White "Badacsonyi, Frankie"]
[Black "Adams, Henry"]
[Result "1/2-1/2"]
[ECO "E10"]
[WhiteElo "2218"]
[BlackElo "1991"]
[Annotator "RC"]
[PlyCount "88"]
[EventDate "2024.12.23"]
[EventType "swiss"]
[EventCountry "ENG"]
[SourceTitle "playchess.com"]
[Source "ChessBase"]
[SourceQuality "1"]
[TimeControl "5400+30"]

1. d4 Nf6 2. c4 e6 3. Nf3 d5 4. cxd5 exd5 5. Nc3 Be7 6. Bf4 O-O 7. e3 c6 8. Bd3 Re8 9. h3 b6 10. O-O Ba6 11. Bxa6 Nxa6 12. Qa4 Qc8 13. Rfc1 Qb7 14. Bg5 Nd7 15. Bxe7 Rxe7 16. a3 Nc7 17. Qb4 Ree8 18. Ne2 c5 19. dxc5 Nxc5 20. Rd1 Re4 21. Nfd4 Rd8 22. Qd2 N7e6 23. Rac1 Nc7 24. Qc3 Ree8 25. b4 N5e6 26. Qb3 Rd7 27. Rc2 Qa6 28. Rcd2 Ng5 29. Qb2 Ne4 30. Rc2 Nd6 31. Qb3 Nc4 32. a4 b5 33. axb5 Nxb5 34. Ra2 Nxd4 35. Nxd4 Qb6 36. Rda1 Rb7 37. b5 Qc5 38. Ra6 Rc8 39. Qd1 Rcc7 40. Qg4 Nd2 41. Qf4 Qc1+ 42. Rxc1 Rxc1+ 43. Kh2 Nf1+ 44. Kg1 Nd2+ 1/2-1/2

[Event "98th Caplin Hastings Masters 2024-25"]
[Site "Hastings"]
[Date "2024.12.29"]
[Round "2.17"]
[White "Struck, Lasse"]
[Black "Muir, Andrew J"]
[Result "1-0"]
[ECO "E04"]
[WhiteElo "1983"]
[BlackElo "2214"]
[Annotator "RC"]
[PlyCount "51"]
[EventDate "2024.12.23"]
[EventType "swiss"]
[EventCountry "ENG"]
[SourceTitle "playchess.com"]
[Source "ChessBase"]
[SourceQuality "1"]
[TimeControl "5400+30"]

1. d4 d5 2. c4 e6 3. Nf3 Nf6 4. g3 dxc4 5. Bg2 a6 6. O-O Nc6 7. e3 Rb8 8. Nfd2 e5 9. Bxc6+ bxc6 10. dxe5 Ng4 11. Nxc4 Be6 12. Nbd2 Bb4 13. Qc2 h5 14. f3 h4 15. fxg4 hxg3 16. Nf3 gxh2+ 17. Kh1 Bxg4 18. Qe4 Bh3 19. Qxc6+ Kf8 20. Bd2 Bxf1 21. Rxf1 Qd3 22. Bxb4+ Rxb4 23. Nfd2 Kg8 24. e6 fxe6 25. Qxe6+ Kh7 26. Rf2 1-0

[Event "98th Caplin Hastings Masters 2024-25"]
[Site "Hastings"]
[Date "2024.12.29"]
[Round "2.18"]
[White "Zhang, Kendrick Botong"]
[Black "Golding, James"]
[Result "0-1"]
[ECO "C50"]
[WhiteElo "1979"]
[BlackElo "2203"]
[Annotator "RC"]
[PlyCount "72"]
[EventDate "2024.12.23"]
[EventType "swiss"]
[EventCountry "ENG"]
[SourceTitle "playchess.com"]
[Source "ChessBase"]
[SourceQuality "1"]
[TimeControl "5400+30"]

1. e4 e5 2. Nf3 Nc6 3. Bc4 Bc5 4. d3 Nf6 5. Bg5 d6 6. c3 a6 7. Nbd2 h6 8. Bh4 Ba7 9. a4 Be6 10. b4 Qe7 11. O-O g5 12. Bg3 O-O 13. Re1 Rae8 14. Bb3 Qd7 15. Nc4 Bg4 16. Ne3 Bh5 17. Nd5 Nxd5 18. Bxd5 Kg7 19. Nxe5 Nxe5 20. Bxe5+ Kg6 21. Qc2 dxe5 22. Bxb7 Qd6 23. Bd5 Kg7 24. b5 Bg4 25. Bb7 axb5 26. axb5 Bb6 27. Ra4 Rd8 28. Bd5 Be6 29. c4 Bxd5 30. cxd5 Ra8 31. Rea1 Rxa4 32. Rxa4 f5 33. Rc4 fxe4 34. dxe4 Rxf2 35. Rxc7+ Kg6 36. Qc6 Rf6+ 0-1

[Event "98th Caplin Hastings Masters 2024-25"]
[Site "Hastings"]
[Date "2024.12.29"]
[Round "2.19"]
[White "Suez-Panama, Gilles"]
[Black "Wall, Tim P"]
[Result "0-1"]
[ECO "D04"]
[WhiteElo "1979"]
[BlackElo "2173"]
[Annotator "RC"]
[PlyCount "70"]
[EventDate "2024.12.23"]
[EventType "swiss"]
[EventCountry "ENG"]
[SourceTitle "playchess.com"]
[Source "ChessBase"]
[SourceQuality "1"]
[TimeControl "5400+30"]

1. d4 d5 2. Nf3 Nf6 3. e3 Bf5 4. c4 e6 5. Qb3 Nc6 6. cxd5 Nb4 7. Na3 exd5 8. Bd2 a5 9. Be2 c6 10. O-O Bd6 11. Ne5 Qe7 12. f4 O-O 13. Be1 Ne4 14. Qd1 f6 15. Nf3 Bc7 16. Nh4 Nd6 17. Rf3 Be4 18. Rh3 Rfe8 19. Bd2 Nf7 20. Bg4 Nd6 21. Bxb4 axb4 22. Nc2 b3 23. Nb4 bxa2 24. Rxa2 Nc4 25. Rxa8 Rxa8 26. Nd3 g6 27. b3 Nd6 28. Nc5 f5 29. Bf3 Bxf3 30. Qxf3 Ra1+ 31. Kf2 b6 32. Nd3 Ne4+ 33. Ke2 Qa3 34. Ne1 Qb2+ 35. Kd3 Qd2# 0-1